 Dungeon Crawl Stone Soup version 0.27.0-1-g7a089689b8 (webtiles) character file.

Game seed: 11782397082557748050

20 hawla the Sneak (level 2, -7/18 HPs)
             Began as a Deep Elf Delver on Aug 8, 2021.
             Killed from afar by a white imp (10 damage)
             ... with a puff of frost
             ... on level 6 of the Dungeon.
             The game lasted 00:01:05 (189 turns).

hawla the Sneak (Deep Elf Delver)                    Turns: 189, Time: 00:01:06

Health: -7/18      AC:  4    Str:  9    XL:     2   Next: 58%
Magic:  4/4        EV: 12    Int: 14    God:
Gold:   21         SH:  0    Dex: 16    Spells: 1/1 levels left

rFire    . . .     SeeInvis .   a - +0 short sword
rCold    . . .     Faith    .   (no shield)
rNeg     . . .     Spirit   .   b - +1 leather armour
rPois    .         Reflect  .   (no helmet)
rElec    .         Harm     .   (no cloak)
rCorr    .         Rampage  .   (no gloves)
Will     .....                  (no boots)
Stlth    +++.......             (no amulet)
HPRegen  0.06/turn              (no ring)
MPRegen  0.09/turn              (no ring)

@: no status effects
A: no striking features
a: no special abilities


You were on level 6 of the Dungeon.
You visited 1 branch of the dungeon, and saw 2 of its levels.

You collected 21 gold pieces.

Inventory:

Hand Weapons
 a - a +0 short sword (weapon)
Armour
 b - a +1 leather armour (worn)
Wands
 g - a wand of digging (3)
Scrolls
 c - a scroll of fog
 d - a scroll of magic mapping
 e - a scroll of fear
 i - a scroll of silence
Potions
 f - a potion of haste


   Skills:
 + Level 2.6 Fighting
 + Level 2.1 Short Blades
 + Level 2.5 Dodging
 + Level 6.6 Stealth


You had one spell level left.
You didn't know any spells.
Your spell library was empty.

Dungeon Overview and Level Annotations

Branches:
Dungeon (6/15)
 Temple: D:4-7

Altars:

Annotations:
D:5 Edmund


Message History

There is a stone staircase leading up here.
You start resting.
HP restored.
Found 21 gold pieces.
Found 33 stones.
You now have 21 gold pieces.
A white imp comes into view.
The white imp shouts!
The white imp gestures at you. The puff of frost hits you.
You hit the white imp.
The white imp is lightly wounded.
The white imp gestures at you. The puff of frost misses you.
You closely miss the white imp.
The white imp is lightly wounded.
The white imp hits you. The white imp freezes you.
As you read the scroll labelled NOOTUR PERUJ, it crumbles to dust.
It is a scroll of identify.
i - a scroll of silence The white imp barely misses you.
As you read the scroll labelled QANIONIMN, it crumbles to dust.
It is a scroll of enchant armour.
Your +0 leather armour glows green for a moment.
The white imp hits you.
* * * LOW HITPOINT WARNING * * *
The white imp freezes you.
* * * LOW HITPOINT WARNING * * *
You completely miss the white imp.
The white imp is lightly wounded.
The white imp misses you.
You hit the white imp but do no damage.
The white imp is lightly wounded.
The white imp completely misses you.
You hit the white imp but do no damage.
The white imp is lightly wounded.
The white imp gestures at you. The puff of frost hits you!
Ouch! That really hurt!
You die...

#.........#.. #..
##...........# #...
#............# ##...#
#............## #....
..............##...#
.....(........#...#
.............#...#
................###
...............#@.#
..............##5..#
##..........###.....#
###.......## #.....#
# ##......## #......#
..#......## #......#
........#### #......#
...........# #.....##
...........#


You could see a white imp.

Vanquished Creatures
  A howler monkey skeleton (D:6)
  An adder (D:5)
2 creatures vanquished.

Notes
Turn   | Place    | Note
-------+----------+-------------------------------------------
     0 | D:5      | hawla the Deep Elf Delver began the quest for the Orb.
     0 | D:5      | Reached XP level 1. HP: 13/13 MP: 3/3
    18 | D:5      | Noticed Edmund
    21 | D:5      | Reached XP level 2. HP: 17/18 MP: 4/4
    59 | D:5      | Noticed an ogre
   189 | D:6      | Killed from afar by a white imp

Illustrated notes

Levels and vault maps discovered:
D:5:      layout_layer_cave, hangedman_minor_gate_pass, uniq_edmund
D:6:      layout_cave_pods, minmay_temple_entry_arrows, serial_shops,
          nicolae_shop_waterfront, uniq_blork_the_orc

Action                   || total
-------------------------++-------
Melee: Short sword       ||    12
  Use: Scroll            ||     2
 Stab: Sleeping          ||     2
Armor: Leather armour    ||     3
Dodge: Dodged            ||    10
